 Dungeon Crawl Stone Soup version 0.21-a0-437-ge5bf024 (webtiles) character file.

126 tof the Slasher (level 4, -6/41 HPs)
             Began as a Minotaur Monk on Nov 9, 2017.
             Mangled by Grinder (8 damage)
             ... on level 3 of the Dungeon.
             The game lasted 00:04:33 (2877 turns).

tof the Slasher (Minotaur Monk)                     Turns: 2877, Time: 00:04:34

Health: -6/41      AC:  2    Str: 17    XL:     4   Next: 84%
Magic:  3/3        EV: 13    Int:  7    God:
Gold:   121        SH:  0    Dex: 12    Spells: 3/3 levels left

rFire    . . .     SeeInvis .   a - +0 falchion
rCold    . . .     Gourm    .   (no shield)
rNeg     . . .     Faith    .   v - -2 leather armour (curse)
rPois    .         Spirit   .   (helmet restricted)
rElec    .         Reflect  .   (no cloak)
rCorr    .         Harm     .   (no gloves)
MR       .....                  l - +0 pair of boots
Stlth    +.........             (no amulet)
HPRegen  0.13/turn              (no ring)
MPRegen  0.08/turn              (no ring)

@: no status effects
A: retaliatory headbutt, horns 2
a: no special abilities


You were on level 3 of the Dungeon.
You were not hungry.

You visited 1 branch of the dungeon, and saw 3 of its levels.

You collected 121 gold pieces.

Inventory:

Hand Weapons
 a - a +0 falchion (weapon)
 b - a +0 blowgun
 m - a +0 long sword
Missiles
 s - 6 javelins (quivered)
 u - 7 curare-tipped needles
Armour
 l - a +0 pair of boots (worn)
 t - a +0 robe
 v - a cursed -2 leather armour (worn)
Jewellery
 x - a cursed ring of teleportation {unknown}
Scrolls
 f - a scroll of recharging {unknown}
 g - 5 scrolls of identify {unknown}
 h - 2 scrolls of enchant armour {unknown}
 w - a scroll of teleportation {unknown}
Potions
 d - 5 potions of curing {unknown}
 e - a potion of magic {unknown}
 i - a potion of agility {unknown}
 k - a potion of mutation {unknown}
 o - 2 potions of brilliance {unknown}
 p - a potion of heal wounds {unknown}
 r - 2 potions of berserk rage {unknown}
Comestibles
 c - a bread ration
 j - 2 meat rations
 n - a fruit
 q - a chunk of flesh


   Skills:
 + Level 4.4 Fighting
 * Level 5.1 Long Blades
 + Level 2.2 Armour
 + Level 4.0 Dodging
 - Level 1.5 Stealth


You had 3 spell levels left.
You didn't know any spells.

Dungeon Overview and Level Annotations

Branches:
Dungeon (3/15)

Altars:
Nemelex Xobeh

Annotations:
D:3 Grinder


Innate Abilities, Weirdness & Mutations

You reflexively headbutt those who attack you in melee.
You have a pair of horns on your head.


Message History

Grinder hits you!
You slash Grinder!
Grinder is heavily wounded.
Grinder hits you!
You writhe in agony.
You closely miss Grinder. You headbutt Grinder!
Grinder is severely wounded.
The adder bites you.
* * * LOW HITPOINT WARNING * * *
Grinder hits you.
* * * LOW HITPOINT WARNING * * *
You writhe in agony.
* * * LOW HITPOINT WARNING * * *
The adder barely misses you.
You closely miss Grinder.
Grinder is severely wounded.
Grinder barely misses you. The adder completely misses you.
You closely miss Grinder. You headbutt Grinder!
Grinder is almost dead.
Grinder hits you!
You die...

## #.#..#.#####. #..
#.#.#.....<#. #.#
#.#.########.
#.###.#.......... .
#.............### ...
#................
....####.............###
..........##....#....#..
......5@..##....#....#..
........S.##....#....#..
....#.###.......#....#..
... #. #.....########..
. . ......# #####.. ..
.$....# ....... ..
S..##### .....## #..
...# .....## ....#
.......


You could see Grinder and an adder.

Vanquished Creatures
  A howler monkey zombie (D:3)
  3 adders (D:2)
  An ooze (D:2)
  3 worms (D:2)
  3 dart slugs
  A leopard gecko (D:2)
  An orc (D:3)
  2 ball pythons
  7 bats
  A giant cockroach (D:1)
  6 goblins
  11 hobgoblins
  4 jackals (D:1)
  8 kobolds
  5 frilled lizards
  8 rats
65 creatures vanquished.

Notes
Turn   | Place    | Note
-------+----------+-------------------------------------------
     0 | D:1      | tof the Minotaur Monk began the quest for the Orb.
     0 | D:1      | Reached XP level 1. HP: 19/19 MP: 0/0
   121 | D:1      | Reached XP level 2. HP: 27/27 MP: 1/1
   131 | D:1      | Reached skill level 4 in Long Blades
   278 | D:1      | Reached skill level 1 in Armour
   503 | D:1      | Reached XP level 3. HP: 33/33 MP: 2/2
  1301 | D:2      | Reached XP level 4. HP: 33/40 MP: 3/3
  1608 | D:2      | Found a sparkling altar of Nemelex Xobeh.
  2104 | D:3      | Reached skill level 5 in Long Blades
  2865 | D:3      | Noticed Grinder
  2875 | D:3      | HP: 2/41 [Grinder (3)]
  2877 | D:3      | Mangled by Grinder

Vault maps used:
D:1:      nagdon_arrival_double_spiral
D:2:      nicolae_overflow_hidden_temple
D:3:      lemuel_crystal_altar, minmay_misc_feat_rugged, uniq_grinder

Skill      XL: |  1  2  3  4 |
---------------+-------------+-----
Long Blades    | 4 5 |  5.1
Armour         | 1 2 |  2.2
Fighting       | 4 |  4.4
Dodging        | 4 |  4.0
Stealth        | |  1.5

Action                   |  1- 3 |  4- 6 || total
-------------------------+-------+-------++-------
Melee: Falchion          |    53 |    31 ||    84
       Headbutt          |    16 |    12 ||    28
       Long sword        |    24 |    30 ||    54
 Stab: Sleeping          |     2 |     3 ||     5
       Distracted        |     1 |       ||     1
  Eat: Chunk             |     1 |     5 ||     6
Armor: Robe              |    13 |    17 ||    30
       Leather armour    |       |     3 ||     3
Dodge: Dodged            |    48 |    53 ||   101
       Rpst.: Falchion   |     8 |     5 ||    13
       Long sword        |     1 |    12 ||    13

Table legend:
 A = Spawn XP
 B = Non-spawn XP
 C = Spawn XP percentage of total XP
 D = Spawn monster count
 E = Non-spawn monster count
 F = Spawn count percentage of total count
 G = Total turns spent on level
                    A         B        C        D         E        F      G
               +---------+---------+-------+---------+---------+-------+---------
         Total |       0 |     181 |   0.0 |       0 |      65 |   0.0 |  2877
               +---------+---------+-------+---------+---------+-------+---------
           D:1 |       0 |      49 |   0.0 |       0 |      28 |   0.0 |   887
           D:2 |       0 |      97 |   0.0 |       0 |      26 |   0.0 |  1206
           D:3 |       0 |      35 |   0.0 |       0 |      11 |   0.0 |   784
               +---------+---------+-------+---------+---------+-------+---------
